Wild vs Penguins

Created - February 10, 2017 at 18:13

Goals
1 2 3 T
Wild 0 2 2 4
Penguins 2 0 1 3
Shots
1 2 3 T
Wild 9 10 6 25
Penguins 10 7 7 24

1st period

1. Penguins , Phil Kessel 20 (Alexander Wennberg, Nathan MacKinnon) at 6:13
2. Penguins , William Nylander 13 (Ryan Suter, Victor Hedman) at 17:18 (PP)

Penalties :
Luke Glendening (PIT) for Tripping (Minor) at 14:02, Eric Staal (MIN) for High sticking (Minor) at 16:49

2nd period

3. Wild , Taylor Fedun 6 (Kyle Okposo, Jason Spezza) at 13:32 (PP)
4. Wild , Colin McDonald 1 (Markus Granlund, Alexander Edler) at 13:48

Penalties :
Kyle Clifford (MIN) for Hooking (Minor) at 2:46, Ryan Suter (PIT) for Interference (Minor) at 5:58, David Savard (PIT) for Roughing (Minor) at 7:25, Alexander Wennberg (PIT) for Interference (Minor) at 12:19, Alexander Wennberg (PIT) for Interference (Minor) at 15:12, Riley Nash (MIN) for High sticking (Minor) at 15:12

3rd period

5. Wild , Jason Pominville 20 (Eric Staal) at 16:27
6. Wild , Jason Pominville 21 (Taylor Fedun, Eric Staal) at 16:39
7. Penguins , Alexander Wennberg 10 (Phil Kessel, Ryan Suter) at 19:45

Penalties :
No Penalty

Goalie Stats

Ben Bishop (MIN), 21 saves from 24 shots - (0.875), W, 19-17-5, 60:00 minutes
Ryan Miller (PIT), 21 saves from 25 shots - (0.840), L, 11-21-3, 60:00 minutes

Players Stats for Wild

Player Name              G  A  P  +/- PIM S  H  SB GA TA FO     MP     PP MP  PK MP  
------------------------------------------------------------------------------------
Alex Biega               0  0  0   1  0   1  3  0  0  0  0/0    11:55   0:00   1:23 
Alexander Edler          0  1  1   1  0   2  2  1  0  0  0/0    25:47   3:23   1:05 
Carl Gunnarsson          0  0  0   1  0   0  0  0  0  0  0/0    22:42   0:00   1:23 
Colin McDonald           1  0  1   1  0   1  0  0  0  0  0/1     6:11   0:00   0:15 
Eric Staal               0  2  2   1  2   4  2  0  0  0  13/23  17:39   0:00   0:44 
Jason Pominville         2  0  2   1  0   4  2  0  0  0  1/1    21:00   3:36   1:07 
Jason Spezza             0  1  1   0  0   1  0  0  0  0  16/26  22:14   3:02   0:00 
Jeff Petry               0  0  0  -1  0   0  5  0  0  0  0/0    23:23   3:15   1:05 
Jimmy Hayes              0  0  0  -1  0   1  3  0  0  0  0/0     8:50   0:00   0:00 
Kyle Clifford            0  0  0   1  2   0  0  0  0  0  0/0     6:24   0:00   0:29 
Kyle Okposo              0  1  1   0  0   0  2  0  0  0  1/1    22:14   3:02   0:00 
Marian Gaborik           0  0  0  -1  0   5  1  0  0  0  1/1    12:26   3:36   0:00 
Mark Streit              0  0  0  -1  0   0  0  0  0  0  0/0    21:33   3:23   0:00 
Markus Granlund          0  1  1   1  0   1  0  0  0  0  6/15    7:42   0:00   1:46 
Riley Nash               0  0  0  -1  2   1  0  0  0  0  5/17   12:40   3:36   0:15 
Sven Baertschi           0  0  0   1  0   0  1  0  0  0  1/3    16:23   0:00   0:20 
Tanner Pearson           0  0  0   0  0   0  2  1  0  0  1/2    21:47   3:02   0:00 
Taylor Fedun             1  1  2   1  0   4  0  1  0  0  0/0    14:40   3:15   0:00 

Players Stats for Penguins

Player Name              G  A  P  +/- PIM S  H  SB GA TA FO     MP     PP MP  PK MP  
------------------------------------------------------------------------------------
Alexander Wennberg       1  1  2   0  4   1  3  0  0  0  10/21  17:28   1:21   0:00 
Brandon Saad             0  0  0   0  0   2  1  0  0  0  1/2    18:33   1:07   0:38 
David Perron             0  0  0  -1  0   2  4  0  0  0  0/0    11:26   0:00   0:00 
David Savard             0  0  0  -2  2   1  3  1  0  0  0/0    20:41   0:38   1:33 
Dmitry Kulikov           0  0  0   0  0   0  0  0  0  0  0/0    18:01   0:38   3:05 
Jacob De La Rose         0  0  0   0  0   0  1  0  0  0  3/5     7:26   0:00   2:56 
Jakub Voracek            0  0  0   0  0   4  0  0  0  0  2/4    18:21   1:07   0:00 
Luke Glendening          0  0  0  -1  2   0  1  0  0  0  12/22  14:30   0:00   3:05 
Mark Barberio            0  0  0   0  0   0  1  0  0  0  0/0    13:56   0:00   1:10 
Nathan MacKinnon         0  1  1   0  0   0  2  0  0  0  2/7    20:08   1:21   0:37 
Oliver Bjorkstrand       0  0  0   0  0   1  0  0  0  0  0/0     4:18   0:00   0:00 
Pavel Zacha              0  0  0   0  0   1  0  0  0  0  3/5     5:52   0:00   1:34 
Phil Kessel              1  1  2   0  0   4  0  0  0  0  0/2    19:31   1:21   0:00 
Ryan Callahan            0  0  0  -1  0   2  3  0  0  0  0/0    15:20   0:00   3:54 
Ryan Suter               0  2  2   1  2   3  1  1  0  0  0/0    24:17   1:50   2:50 
Victor Hedman            0  1  1   1  0   0  1  1  0  0  0/0    25:33   1:50   4:05 
William Nylander         1  0  1   0  0   3  1  0  0  0  12/22  17:55   1:07   0:00 
Willie Mitchell          0  0  0  -2  0   0  0  1  0  0  0/0    17:30   0:00   0:32 

3 Stars

1 - Jason Pominville (MIN)
2 - Taylor Fedun (MIN)
3 - Phil Kessel (PIT)

Power Play

Wild - 1 on 4 Attempt(s) - 25.00%
Penguins - 1 on 2 Attempt(s) - 50.00%

Penalty Kill

Wild - 1 on 2 Attempt(s) - 50.00% - Score 0 goal in Penalty Kill
Penguins - 3 on 4 Attempt(s) - 75.00% - Score 0 goal in Penalty Kill

Team Stat

Wild - Hits : 23 - Faceoff Wins : 45 - Blocked Shots : 3 - Penalty Minutes : 6
Penguins - Hits : 22 - Faceoff Wins : 45 - Blocked Shots : 4 - Penalty Minutes : 10

Official

Referees : Brad Watson and Mark Lemelin
Linesman : Darren Gibbs and Tony Sericolo

Game Notes

No Game Note

Finance

Level 1 -- Attendance: 5731 (88.17%) -- Ticket Income $630,410
Level 2 -- Attendance: 4378 (87.56%) -- Ticket Income $358,996
Level 3 -- Attendance: 3005 (85.86%) -- Ticket Income $186,310
Level 4 -- Attendance: 1844 (77.25%) -- Ticket Income $92,200
Luxury Box -- Attendance: 895 (89.50%) -- Ticket Income $170,050
Game was played at the Consol Energy Center.
Total Attendance: 15853 (86.22%)
Total Ticket Income: $1,437,966
Other Income: $215,695
Total Income: $1,653,661

% Time on Ice - Wild

Lines # - Real PCT - Wanted PCT - Time Play
Normal Forward
1 - 37% - 42% - 17:52
2 - 33% - 38% - 16:03
3 - 18% - 17% - 8:50
4 - 12% - 3% - 5:56
Normal Defense
1 - 40% - 43% - 19:16
2 - 37% - 37% - 18:10
3 - 22% - 15% - 10:32
4 - 1% - 5% - 0:43
PP Forward
1 - 46% - 50% - 3:02
2 - 54% - 50% - 3:36
PP Defense
1 - 51% - 50% - 3:23
2 - 49% - 50% - 3:15
PK Forward
1 - 90% - 58% - 2:13
2 - 10% - 42% - 0:15
PK Defense
1 - 56% - 53% - 1:23
2 - 44% - 47% - 1:05
PK3 Forward
1 - 0% - 50%
2 - 0% - 50%
PK3 Defense
1 - 0% - 55%
2 - 0% - 45%
44 Forward
1 - 67% - 55% - 1:20
2 - 33% - 45% - 0:39
44 Defense
1 - 55% - 55% - 1:06
2 - 45% - 45% - 0:53
Last Minute Offensive  - 0:00
Last Minute Defensive  - 0:14
Total
Forward - 60:00
Defense - 60:00

% Time on Ice - Penguins

Lines # - Real PCT - Wanted PCT - Time Play
Normal Forward
1 - 33% - 33% - 16:09
2 - 35% - 33% - 16:48
3 - 23% - 23% - 11:26
4 - 9% - 11% - 4:18
Normal Defense
1 - 38% - 40% - 18:24
2 - 35% - 35% - 16:58
3 - 26% - 25% - 12:46
4 - 1% - 0% - 0:33
PP Forward
1 - 55% - 60% - 1:21
2 - 45% - 40% - 1:07
PP Defense
1 - 74% - 60% - 1:50
2 - 26% - 40% - 0:38
PK Forward
1 - 74% - 60% - 4:32
2 - 26% - 40% - 1:34
PK Defense
1 - 51% - 60% - 3:05
2 - 49% - 40% - 3:01
PK3 Forward
1 - 100% - 60% - 0:32
2 - 0% - 40% - 0:00
PK3 Defense
1 - 0% - 60% - 0:00
2 - 100% - 40% - 0:32
44 Forward
1 - 90% - 60% - 1:47
2 - 10% - 40% - 0:12
44 Defense
1 - 50% - 60% - 1:00
2 - 50% - 40% - 0:59
Last Minute Offensive  - 0:14
Last Minute Defensive  - 0:00
Total
Forward - 60:00
Defense - 60:00

Play by Play

1st period


0:01 of 1st period - Jason Spezza wins face-off versus Phil Kessel in neutral zone.
0:04 of 1st period - Shot by Tanner Pearson.
0:04 of 1st period - Shot Misses the Net.
0:26 of 1st period - Icing by Alexander Edler.
0:27 of 1st period - Jason Spezza wins face-off versus William Nylander in Wild zone.
1:49 of 1st period - Shot by David Perron.
1:49 of 1st period - Shot Blocked by Tanner Pearson.
2:18 of 1st period - Ryan Callahan is hit by Jeff Petry and loses puck.
2:28 of 1st period - Icing by Sven Baertschi.
2:29 of 1st period - Eric Staal wins face-off versus Alexander Wennberg in Wild zone.
3:02 of 1st period - Alexander Wennberg is hit by Jeff Petry and loses puck.
3:52 of 1st period - Shot by Oliver Bjorkstrand.
3:52 of 1st period - Stopped by Ben Bishop without a rebound.
3:53 of 1st period - William Nylander wins face-off versus Markus Granlund in Wild zone.
3:56 of 1st period - Shot by Jakub Voracek.
3:56 of 1st period - Shot Misses the Net.
3:59 of 1st period - Icing by Taylor Fedun.
4:00 of 1st period - Luke Glendening wins face-off versus Markus Granlund in Wild zone.
6:13 of 1st period - Shot by Phil Kessel.
6:13 of 1st period - Goal by Phil Kessel - Wild : 0 - Penguins : 1.
6:14 of 1st period - Jacob De La Rose wins face-off versus Jason Spezza in neutral zone.
6:23 of 1st period - Shot by Oliver Bjorkstrand.
6:23 of 1st period - Deflect By Pavel Zacha.
6:23 of 1st period - Shot Misses the Net.
6:29 of 1st period - Shot by Tanner Pearson.
6:29 of 1st period - Shot Misses the Net.
7:25 of 1st period - Alexander Edler is hit by David Savard and loses puck.
7:38 of 1st period - Shot by Phil Kessel.
7:38 of 1st period - Stopped by Ben Bishop with a rebound.
7:40 of 1st period - Shot by Phil Kessel.
7:40 of 1st period - Stopped by Ben Bishop without a rebound.
7:41 of 1st period - William Nylander wins face-off versus Eric Staal in Wild zone.
8:12 of 1st period - Shot by Jakub Voracek.
8:12 of 1st period - Stopped by Ben Bishop without a rebound.
8:13 of 1st period - Alexander Wennberg wins face-off versus Riley Nash in Wild zone.
8:13 of 1st period - Alexander Wennberg is hit by Alex Biega.
8:27 of 1st period - Shot by Alexander Wennberg.
8:27 of 1st period - Shot Blocked by Taylor Fedun.
8:43 of 1st period - Shot by Marian Gaborik.
8:43 of 1st period - Shot Misses the Net.
8:45 of 1st period - Shot by Marian Gaborik.
8:45 of 1st period - Deflect By Riley Nash.
8:45 of 1st period - Stopped by Ryan Miller with a rebound.
8:47 of 1st period - Shot by Marian Gaborik.
8:47 of 1st period - Stopped by Ryan Miller with a rebound.
8:49 of 1st period - Shot by Taylor Fedun.
8:49 of 1st period - Shot Misses the Net.
8:51 of 1st period - Shot by Marian Gaborik.
8:51 of 1st period - Stopped by Ryan Miller without a rebound.
8:52 of 1st period - Luke Glendening wins face-off versus Eric Staal in Penguins zone.
8:58 of 1st period - Icing by Ryan Suter.
8:59 of 1st period - Luke Glendening wins face-off versus Sven Baertschi in Penguins zone.
9:41 of 1st period - Shot by Eric Staal.
9:41 of 1st period - Stopped by Ryan Miller without a rebound.
9:42 of 1st period - Tanner Pearson wins face-off versus William Nylander in Penguins zone.
9:42 of 1st period - Tanner Pearson is hit by David Savard.
9:52 of 1st period - Shot by Jason Spezza.
9:52 of 1st period - Shot Blocked by Willie Mitchell.
9:54 of 1st period - Shot by Alex Biega.
9:54 of 1st period - Stopped by Ryan Miller without a rebound.
9:55 of 1st period - Riley Nash wins face-off versus Alexander Wennberg in Penguins zone.
9:56 of 1st period - Shot by Marian Gaborik.
9:56 of 1st period - Stopped by Ryan Miller without a rebound.
9:57 of 1st period - Alexander Wennberg wins face-off versus Jason Spezza in Penguins zone.
10:09 of 1st period - Icing by Alexander Edler.
10:10 of 1st period - Jason Spezza wins face-off versus Jakub Voracek in Wild zone.
10:18 of 1st period - Off-side.
10:19 of 1st period - Sven Baertschi wins face-off versus Alexander Wennberg in neutral zone.
10:33 of 1st period - Shot by Phil Kessel.
10:33 of 1st period - Shot Misses the Net.
10:39 of 1st period - Jeff Petry is hit by Nathan MacKinnon and loses puck.
11:15 of 1st period - Shot by Jason Spezza.
11:15 of 1st period - Shot Misses the Net.
11:17 of 1st period - Shot by Jason Spezza.
11:17 of 1st period - Shot Misses the Net.
11:38 of 1st period - Icing by Carl Gunnarsson.
11:39 of 1st period - Jason Spezza wins face-off versus William Nylander in Wild zone.
11:56 of 1st period - Kyle Okposo is hit by Brandon Saad.
12:01 of 1st period - Jakub Voracek is hit by Alexander Edler and loses puck.
12:04 of 1st period - Shot by William Nylander.
12:04 of 1st period - Stopped by Ben Bishop without a rebound.
12:05 of 1st period - Riley Nash wins face-off versus Luke Glendening in Wild zone.
12:05 of 1st period - Riley Nash is hit by Ryan Callahan.
12:19 of 1st period - Off-side.
12:20 of 1st period - William Nylander wins face-off versus Eric Staal in neutral zone.
12:29 of 1st period - Jason Pominville is hit by Victor Hedman and loses puck.
12:32 of 1st period - Shot by Eric Staal.
12:32 of 1st period - Shot Misses the Net.
12:44 of 1st period - Shot by William Nylander.
12:44 of 1st period - Shot Hit the Post.
13:08 of 1st period - Victor Hedman is hit by Sven Baertschi and loses puck.
13:43 of 1st period - Shot by David Perron.
13:43 of 1st period - Shot Misses the Net.
13:45 of 1st period - Shot by Dmitry Kulikov.
13:45 of 1st period - Shot Misses the Net.
14:02 of 1st period - Minor Penalty to Luke Glendening for Tripping.
14:03 of 1st period - Jacob De La Rose wins face-off versus Riley Nash in Penguins zone.
14:10 of 1st period - Shot by Taylor Fedun.
14:10 of 1st period - Stopped by Ryan Miller without a rebound.
14:11 of 1st period - Jacob De La Rose wins face-off versus Riley Nash in Penguins zone.
14:25 of 1st period - Off-side.
14:26 of 1st period - Jason Spezza wins face-off versus Jacob De La Rose in neutral zone.
14:45 of 1st period - Ryan Suter is hit by Kyle Okposo and loses puck.
15:28 of 1st period - Shot by Jason Pominville.
15:28 of 1st period - Shot Misses the Net.
15:46 of 1st period - Shot by Riley Nash.
15:46 of 1st period - Shot Misses the Net.
15:48 of 1st period - Shot by Alexander Edler.
15:48 of 1st period - Stopped by Ryan Miller without a rebound.
15:49 of 1st period - Jason Spezza wins face-off versus Nathan MacKinnon in Penguins zone.
16:34 of 1st period - Shot by Markus Granlund.
16:34 of 1st period - Stopped by Ryan Miller with a rebound.
16:36 of 1st period - Shot by Markus Granlund.
16:36 of 1st period - Deflect By Colin McDonald.
16:36 of 1st period - Shot Misses the Net.
16:38 of 1st period - Shot by Kyle Clifford.
16:38 of 1st period - Shot Misses the Net.
16:49 of 1st period - Minor Penalty to Eric Staal for High sticking.
16:50 of 1st period - Markus Granlund wins face-off versus Jakub Voracek in Wild zone.
17:05 of 1st period - Shot by Brandon Saad.
17:05 of 1st period - Stopped by Ben Bishop without a rebound.
17:06 of 1st period - William Nylander wins face-off versus Markus Granlund in Wild zone.
17:18 of 1st period - Shot by William Nylander.
17:18 of 1st period - Goal by William Nylander - Wild : 0 - Penguins : 2.
17:19 of 1st period - Jason Spezza wins face-off versus Luke Glendening in neutral zone.
17:19 of 1st period - Kyle Okposo is hit by David Perron and loses puck.
17:40 of 1st period - Shot by Luke Glendening.
17:40 of 1st period - Shot Misses the Net.
17:42 of 1st period - Shot by Luke Glendening.
17:42 of 1st period - Shot Misses the Net.
17:44 of 1st period - Shot by Dmitry Kulikov.
17:44 of 1st period - Shot Misses the Net.
17:46 of 1st period - Shot by David Perron.
17:46 of 1st period - Stopped by Ben Bishop without a rebound.
17:47 of 1st period - Jakub Voracek wins face-off versus Eric Staal in Wild zone.
17:47 of 1st period - Ryan Suter is hit by Alex Biega and loses puck.
17:52 of 1st period - Shot by William Nylander.
17:52 of 1st period - Stopped by Ben Bishop without a rebound.
17:53 of 1st period - Eric Staal wins face-off versus William Nylander in Wild zone.
17:58 of 1st period - Victor Hedman is hit by Eric Staal and loses puck.
18:31 of 1st period - Shot by Jakub Voracek.
18:31 of 1st period - Deflect By Brandon Saad.
18:31 of 1st period - Shot Misses the Net.
18:33 of 1st period - Shot by Brandon Saad.
18:33 of 1st period - Shot Misses the Net.
18:35 of 1st period - Shot by Jakub Voracek.
18:35 of 1st period - Shot Misses the Net.
19:17 of 1st period - Willie Mitchell is hit by Tanner Pearson and loses puck.
19:55 of 1st period - Icing by Willie Mitchell.
19:56 of 1st period - Alexander Wennberg wins face-off versus Markus Granlund in Penguins zone.
Goals for this period are 0 for Wild vs 2 for Penguins.
Shots for this period are 9 for Wild vs 10 for Penguins.

2nd period


0:01 of 2nd period - Eric Staal wins face-off versus Luke Glendening in neutral zone.
0:12 of 2nd period - Icing by Mark Streit.
0:13 of 2nd period - Alexander Wennberg wins face-off versus Eric Staal in Wild zone.
0:16 of 2nd period - Shot by Nathan MacKinnon.
0:16 of 2nd period - Shot Misses the Net.
0:22 of 2nd period - Jeff Petry is hit by Nathan MacKinnon.
0:34 of 2nd period - Shot by Eric Staal.
0:34 of 2nd period - Shot Misses the Net.
0:36 of 2nd period - Shot by Sven Baertschi.
0:36 of 2nd period - Shot Misses the Net.
0:38 of 2nd period - Shot by Mark Streit.
0:38 of 2nd period - Shot Blocked by David Savard.
1:00 of 2nd period - Jeff Petry is hit by Alexander Wennberg and loses puck.
1:19 of 2nd period - Icing by Alexander Edler.
1:20 of 2nd period - Jason Spezza wins face-off versus Luke Glendening in Wild zone.
2:22 of 2nd period - Victor Hedman is hit by Jimmy Hayes and loses puck.
2:31 of 2nd period - Shot by Ryan Suter.
2:31 of 2nd period - Stopped by Ben Bishop without a rebound.
2:32 of 2nd period - Markus Granlund wins face-off versus Pavel Zacha in Wild zone.
2:41 of 2nd period - Shot by Markus Granlund.
2:41 of 2nd period - Shot Misses the Net.
2:46 of 2nd period - Minor Penalty to Kyle Clifford for Hooking.
2:47 of 2nd period - Markus Granlund wins face-off versus Alexander Wennberg in Wild zone.
3:34 of 2nd period - Icing by Ryan Suter.
3:35 of 2nd period - Alexander Wennberg wins face-off versus Markus Granlund in Penguins zone.
3:35 of 2nd period - Alexander Wennberg is hit by Jason Pominville.
3:48 of 2nd period - Icing by Alexander Wennberg.
3:49 of 2nd period - Markus Granlund wins face-off versus Alexander Wennberg in Penguins zone.
3:50 of 2nd period - Shot by Jason Pominville.
3:50 of 2nd period - Shot Blocked by Ryan Suter.
4:02 of 2nd period - Alexander Edler is hit by Alexander Wennberg and loses puck.
4:16 of 2nd period - Icing by Jakub Voracek.
4:17 of 2nd period - William Nylander wins face-off versus Riley Nash in Penguins zone.
4:54 of 2nd period - Tanner Pearson is hit by David Perron and loses puck.
5:25 of 2nd period - Tanner Pearson is hit by Ryan Callahan and loses puck.
5:46 of 2nd period - Shot by Pavel Zacha.
5:46 of 2nd period - Stopped by Ben Bishop without a rebound.
5:47 of 2nd period - William Nylander wins face-off versus Eric Staal in Wild zone.
5:58 of 2nd period - Minor Penalty to Ryan Suter for Interference.
5:59 of 2nd period - Luke Glendening wins face-off versus Riley Nash in Penguins zone.
6:14 of 2nd period - Shot by Alexander Edler.
6:14 of 2nd period - Shot Misses the Net.
6:16 of 2nd period - Shot by Jason Pominville.
6:16 of 2nd period - Stopped by Ryan Miller without a rebound.
6:17 of 2nd period - Luke Glendening wins face-off versus Riley Nash in Penguins zone.
7:25 of 2nd period - Minor Penalty to David Savard for Roughing.
7:26 of 2nd period - Luke Glendening wins face-off versus Riley Nash in Penguins zone.
7:46 of 2nd period - Shot by Taylor Fedun.
7:46 of 2nd period - Stopped by Ryan Miller with a rebound.
8:08 of 2nd period - Shot by Jason Spezza.
8:08 of 2nd period - Stopped by Ryan Miller without a rebound.
8:09 of 2nd period - Luke Glendening wins face-off versus Jason Spezza in Penguins zone.
8:33 of 2nd period - Icing by Mark Streit.
8:34 of 2nd period - Pavel Zacha wins face-off versus Jason Spezza in Wild zone.
8:35 of 2nd period - Shot by Ryan Suter.
8:35 of 2nd period - Stopped by Ben Bishop without a rebound.
8:36 of 2nd period - Jason Spezza wins face-off versus Luke Glendening in Wild zone.
8:49 of 2nd period - Shot by Tanner Pearson.
8:49 of 2nd period - Shot Misses the Net.
8:51 of 2nd period - Shot by Jeff Petry.
8:51 of 2nd period - Shot Blocked by Victor Hedman.
8:53 of 2nd period - Shot by Jason Spezza.
8:53 of 2nd period - Shot Misses the Net.
8:55 of 2nd period - Shot by Tanner Pearson.
8:55 of 2nd period - Shot Misses the Net.
9:19 of 2nd period - Ryan Suter is hit by Marian Gaborik and loses puck.
9:45 of 2nd period - Icing by Alexander Edler.
9:46 of 2nd period - Alexander Wennberg wins face-off versus Markus Granlund in Wild zone.
10:37 of 2nd period - Off-side.
10:38 of 2nd period - William Nylander wins face-off versus Jason Spezza in neutral zone.
10:47 of 2nd period - Shot by Jakub Voracek.
10:47 of 2nd period - Shot Misses the Net.
12:01 of 2nd period - Icing by Willie Mitchell.
12:02 of 2nd period - Luke Glendening wins face-off versus Riley Nash in Penguins zone.
12:07 of 2nd period - Alexander Edler is hit by David Perron and loses puck.
12:14 of 2nd period - Shot by David Perron.
12:14 of 2nd period - Stopped by Ben Bishop with a rebound.
12:16 of 2nd period - Shot by David Savard.
12:16 of 2nd period - Stopped by Ben Bishop without a rebound.
12:17 of 2nd period - Eric Staal wins face-off versus Nathan MacKinnon in Wild zone.
12:19 of 2nd period - Minor Penalty to Alexander Wennberg for Interference.
12:20 of 2nd period - Riley Nash wins face-off versus Luke Glendening in Penguins zone.
13:16 of 2nd period - Off-side.
13:17 of 2nd period - Kyle Okposo wins face-off versus Luke Glendening in neutral zone.
13:32 of 2nd period - Shot by Taylor Fedun.
13:32 of 2nd period - Goal by Taylor Fedun - Wild : 1 - Penguins : 2.
13:33 of 2nd period - Alexander Wennberg wins face-off versus Markus Granlund in neutral zone.
13:43 of 2nd period - Markus Granlund is hit by David Savard and loses puck.
13:48 of 2nd period - Shot by Markus Granlund.
13:48 of 2nd period - Deflect By Colin McDonald.
13:48 of 2nd period - Goal by Colin McDonald - Wild : 2 - Penguins : 2.
13:49 of 2nd period - Jason Pominville wins face-off versus Brandon Saad in neutral zone.
13:51 of 2nd period - Off-side.
13:52 of 2nd period - William Nylander wins face-off versus Eric Staal in neutral zone.
14:24 of 2nd period - Shot by Eric Staal.
14:24 of 2nd period - Stopped by Ryan Miller with a rebound.
14:45 of 2nd period - Icing by William Nylander.
14:46 of 2nd period - Jason Spezza wins face-off versus William Nylander in Penguins zone.
15:05 of 2nd period - Shot by Kyle Okposo.
15:05 of 2nd period - Shot Misses the Net.
15:07 of 2nd period - Shot by Alexander Edler.
15:07 of 2nd period - Stopped by Ryan Miller without a rebound.
15:08 of 2nd period - Alexander Wennberg wins face-off versus Riley Nash in Penguins zone.
15:08 of 2nd period - David Savard is hit by Jimmy Hayes and loses puck.
15:12 of 2nd period - Minor Penalty to Alexander Wennberg for Interference.
15:12 of 2nd period - Minor Penalty to Riley Nash for High sticking.
15:13 of 2nd period - Jason Spezza wins face-off versus Phil Kessel in neutral zone.
15:49 of 2nd period - Icing by Nathan MacKinnon.
15:50 of 2nd period - Eric Staal wins face-off versus Nathan MacKinnon in Penguins zone.
15:59 of 2nd period - Shot by Eric Staal.
15:59 of 2nd period - Stopped by Ryan Miller without a rebound.
16:00 of 2nd period - Nathan MacKinnon wins face-off versus Jason Spezza in Penguins zone.
16:32 of 2nd period - Shot by Jason Spezza.
16:32 of 2nd period - Deflect By Kyle Okposo.
16:32 of 2nd period - Shot Misses the Net.
17:15 of 2nd period - Shot by Jimmy Hayes.
17:15 of 2nd period - Stopped by Ryan Miller without a rebound.
17:16 of 2nd period - William Nylander wins face-off versus Riley Nash in Penguins zone.
17:20 of 2nd period - Off-side.
17:21 of 2nd period - William Nylander wins face-off versus Riley Nash in neutral zone.
17:21 of 2nd period - William Nylander is hit by Jimmy Hayes.
17:47 of 2nd period - Shot by William Nylander.
17:47 of 2nd period - Shot Misses the Net.
17:57 of 2nd period - Shot by Jakub Voracek.
17:57 of 2nd period - Stopped by Ben Bishop without a rebound.
17:58 of 2nd period - Luke Glendening wins face-off versus Jason Spezza in Wild zone.
17:59 of 2nd period - Shot by Ryan Suter.
17:59 of 2nd period - Stopped by Ben Bishop without a rebound.
18:00 of 2nd period - Luke Glendening wins face-off versus Jason Spezza in Wild zone.
18:19 of 2nd period - Icing by Mark Streit.
18:20 of 2nd period - Jason Spezza wins face-off versus Alexander Wennberg in Wild zone.
19:00 of 2nd period - Icing by Dmitry Kulikov.
19:01 of 2nd period - Nathan MacKinnon wins face-off versus Eric Staal in Penguins zone.
19:27 of 2nd period - Shot by Eric Staal.
19:27 of 2nd period - Stopped by Ryan Miller without a rebound.
19:28 of 2nd period - Jakub Voracek wins face-off versus Riley Nash in Penguins zone.
19:38 of 2nd period - Icing by Taylor Fedun.
19:39 of 2nd period - Riley Nash wins face-off versus Luke Glendening in Wild zone.
19:39 of 2nd period - Riley Nash is hit by Luke Glendening.
19:48 of 2nd period - Taylor Fedun is hit by Ryan Suter and loses puck.
Goals for this period are 2 for Wild vs 0 for Penguins.
Shots for this period are 10 for Wild vs 7 for Penguins.

3rd period


0:01 of 3rd period - Eric Staal wins face-off versus Alexander Wennberg in neutral zone.
0:27 of 3rd period - Ryan Suter is hit by Eric Staal and loses puck.
0:52 of 3rd period - Icing by Victor Hedman.
0:53 of 3rd period - Alexander Wennberg wins face-off versus Jason Spezza in Penguins zone.
1:36 of 3rd period - Shot by Brandon Saad.
1:36 of 3rd period - Deflect By William Nylander.
1:36 of 3rd period - Shot Misses the Net.
1:38 of 3rd period - Shot by Willie Mitchell.
1:38 of 3rd period - Shot Misses the Net.
1:47 of 3rd period - Icing by Kyle Okposo.
1:48 of 3rd period - Jason Spezza wins face-off versus Luke Glendening in Wild zone.
2:15 of 3rd period - Alex Biega is hit by Mark Barberio and loses puck.
2:45 of 3rd period - Icing by Luke Glendening.
2:46 of 3rd period - Luke Glendening wins face-off versus Eric Staal in Penguins zone.
2:51 of 3rd period - Jason Pominville is hit by Ryan Callahan and loses puck.
2:57 of 3rd period - Off-side.
2:58 of 3rd period - Alexander Wennberg wins face-off versus Markus Granlund in neutral zone.
3:06 of 3rd period - Icing by Carl Gunnarsson.
3:07 of 3rd period - Markus Granlund wins face-off versus Alexander Wennberg in Wild zone.
3:23 of 3rd period - Icing by Alexander Edler.
3:24 of 3rd period - Markus Granlund wins face-off versus William Nylander in Wild zone.
3:24 of 3rd period - Markus Granlund is hit by William Nylander.
4:04 of 3rd period - Shot by William Nylander.
4:04 of 3rd period - Shot Misses the Net.
5:06 of 3rd period - Shot by Eric Staal.
5:06 of 3rd period - Shot Misses the Net.
5:26 of 3rd period - Alexander Wennberg is hit by Jason Pominville and loses puck.
6:09 of 3rd period - Icing by Alex Biega.
6:10 of 3rd period - Pavel Zacha wins face-off versus Jason Spezza in Wild zone.
6:40 of 3rd period - Shot by Oliver Bjorkstrand.
6:40 of 3rd period - Shot Misses the Net.
7:20 of 3rd period - Shot by Marian Gaborik.
7:20 of 3rd period - Stopped by Ryan Miller with a rebound.
7:27 of 3rd period - Ryan Callahan is hit by Alexander Edler and loses puck.
7:34 of 3rd period - Shot by David Perron.
7:34 of 3rd period - Shot Misses the Net.
7:42 of 3rd period - Shot by Luke Glendening.
7:42 of 3rd period - Shot Misses the Net.
7:44 of 3rd period - Shot by Ryan Callahan.
7:44 of 3rd period - Stopped by Ben Bishop without a rebound.
7:45 of 3rd period - William Nylander wins face-off versus Eric Staal in Wild zone.
7:57 of 3rd period - Shot by Brandon Saad.
7:57 of 3rd period - Stopped by Ben Bishop without a rebound.
7:58 of 3rd period - William Nylander wins face-off versus Colin McDonald in Wild zone.
8:01 of 3rd period - Shot by Jakub Voracek.
8:01 of 3rd period - Stopped by Ben Bishop without a rebound.
8:02 of 3rd period - Eric Staal wins face-off versus William Nylander in Wild zone.
9:12 of 3rd period - Icing by Tanner Pearson.
9:13 of 3rd period - Jason Spezza wins face-off versus Pavel Zacha in Wild zone.
9:15 of 3rd period - Icing by Kyle Okposo.
9:16 of 3rd period - Pavel Zacha wins face-off versus Tanner Pearson in Wild zone.
9:33 of 3rd period - Carl Gunnarsson is hit by Jacob De La Rose and loses puck.
9:51 of 3rd period - Icing by Willie Mitchell.
9:52 of 3rd period - Riley Nash wins face-off versus Jacob De La Rose in Penguins zone.
10:04 of 3rd period - Jacob De La Rose is hit by Alex Biega and loses puck.
10:24 of 3rd period - Shot by Riley Nash.
10:24 of 3rd period - Shot Misses the Net.
10:26 of 3rd period - Shot by Taylor Fedun.
10:26 of 3rd period - Stopped by Ryan Miller with a rebound.
10:28 of 3rd period - Shot by Marian Gaborik.
10:28 of 3rd period - Stopped by Ryan Miller without a rebound.
10:29 of 3rd period - Eric Staal wins face-off versus William Nylander in Penguins zone.
10:42 of 3rd period - Shot by Eric Staal.
10:42 of 3rd period - Shot Misses the Net.
11:36 of 3rd period - Ryan Suter is hit by Kyle Okposo and loses puck.
11:57 of 3rd period - Nathan MacKinnon is hit by Tanner Pearson and loses puck.
12:04 of 3rd period - Shot by Jason Spezza.
12:04 of 3rd period - Shot Misses the Net.
12:38 of 3rd period - Shot by Ryan Callahan.
12:38 of 3rd period - Stopped by Ben Bishop with a rebound.
12:40 of 3rd period - Shot by Willie Mitchell.
12:40 of 3rd period - Shot Blocked by Alexander Edler.
12:57 of 3rd period - Off-side.
12:58 of 3rd period - Marian Gaborik wins face-off versus William Nylander in neutral zone.
14:02 of 3rd period - Off-side.
14:03 of 3rd period - Eric Staal wins face-off versus Alexander Wennberg in neutral zone.
14:14 of 3rd period - Sven Baertschi is hit by Alexander Wennberg and loses puck.
14:28 of 3rd period - Shot by Phil Kessel.
14:28 of 3rd period - Stopped by Ben Bishop without a rebound.
14:29 of 3rd period - Luke Glendening wins face-off versus Markus Granlund in Wild zone.
14:29 of 3rd period - Luke Glendening is hit by Jeff Petry.
14:34 of 3rd period - David Perron is hit by Jeff Petry and loses puck.
15:00 of 3rd period - David Perron is hit by Jeff Petry and loses puck.
15:33 of 3rd period - Off-side.
15:34 of 3rd period - Eric Staal wins face-off versus Alexander Wennberg in neutral zone.
15:43 of 3rd period - Shot by Jason Pominville.
15:43 of 3rd period - Stopped by Ryan Miller without a rebound.
15:44 of 3rd period - Jason Spezza wins face-off versus William Nylander in Penguins zone.
16:01 of 3rd period - Shot by Jason Spezza.
16:01 of 3rd period - Shot Misses the Net.
16:15 of 3rd period - Shot by Jakub Voracek.
16:15 of 3rd period - Shot Misses the Net.
16:17 of 3rd period - Shot by Jakub Voracek.
16:17 of 3rd period - Stopped by Ben Bishop without a rebound.
16:18 of 3rd period - Eric Staal wins face-off versus Alexander Wennberg in Wild zone.
16:27 of 3rd period - Shot by Jason Pominville.
16:27 of 3rd period - Goal by Jason Pominville - Wild : 3 - Penguins : 2.
16:28 of 3rd period - Eric Staal wins face-off versus Luke Glendening in neutral zone.
16:39 of 3rd period - Shot by Jason Pominville.
16:39 of 3rd period - Goal by Jason Pominville - Wild : 4 - Penguins : 2.
16:40 of 3rd period - Jason Spezza wins face-off versus Nathan MacKinnon in neutral zone.
17:21 of 3rd period - Shot by Kyle Okposo.
17:21 of 3rd period - Deflect By Jason Spezza.
17:21 of 3rd period - Shot Misses the Net.
17:44 of 3rd period - Icing by Willie Mitchell.
17:45 of 3rd period - Brandon Saad wins face-off versus Sven Baertschi in Penguins zone.
17:52 of 3rd period - Shot by William Nylander.
17:52 of 3rd period - Shot Misses the Net.
18:12 of 3rd period - Shot by Jason Pominville.
18:12 of 3rd period - Shot Misses the Net.
18:14 of 3rd period - Shot by Eric Staal.
18:14 of 3rd period - Shot Misses the Net.
18:22 of 3rd period - Shot by Jason Pominville.
18:22 of 3rd period - Shot Misses the Net.
18:53 of 3rd period - Taylor Fedun is hit by David Perron and loses puck.
19:10 of 3rd period - Shot by Luke Glendening.
19:10 of 3rd period - Shot Misses the Net.
19:43 of 3rd period - Shot by Phil Kessel.
19:43 of 3rd period - Shot Misses the Net.
19:45 of 3rd period - Shot by Alexander Wennberg.
19:45 of 3rd period - Goal by Alexander Wennberg - Wild : 4 - Penguins : 3.
19:46 of 3rd period - Eric Staal wins face-off versus Nathan MacKinnon in neutral zone.
Goals for this period are 2 for Wild vs 1 for Penguins.
Shots for this period are 6 for Wild vs 7 for Penguins.